cohdb
Replays
Latest Replays
All Replays
Popular Replays
Top Player Replays
Match Explorer
How It Works
Community
CoH3 Stats
Reddit
Sign in to upload your games and track your stats! →
Sign in with Steam
Match 45436552
Unlisted
Match 45436552
Overview
Messages
Build Orders
End
Construct Barracks
Engineer Squad
Selects Armored Battlegroup
Selects Veteran Crews
1⁄4-ton 4x4 Truck
Riflemen Squad
Riflemen Squad
Mechanized Support Center
Riflemen Squad
Selects Fast Deploy
Construct Motor Pool
M8 Greyhound Armored Car
Construct Medical Station
Selects Field Repairs
M8 Greyhound Armored Car
M1 Anti-tank Gun Team
Selects War Machine
Grenade Package
M24 Chaffee Light Tank
M1 Anti-tank Gun Team
Selects Seek and Destroy
Selects UNKNOWN (2160077)
Construct Tank Depot
Riflemen Squad
austintacious
ZadrotKot
0
0
Comments
sign in to comment!
No comments posted yet!